 Dungeon Crawl Stone Soup version 0.21-a0-185-g3a6ed1e (webtiles) character file.

115 namelastname112 the Skirmisher (level 4, -7/45 HPs)
             Began as a Draconian Wanderer on Aug 12, 2017.
             Killed themself with a badly aimed fireball (8 damage)
             ... on level 2 of the Dungeon.
             The game lasted 00:02:30 (1568 turns).

namelastname112 the Skirmisher (Draconian Wanderer) Turns: 1568, Time: 00:02:31

Health: -7/45      AC:  5    Str: 13    XL:     4   Next: 68%
Magic:  7/7        EV: 12    Int: 12    God:
Gold:   117        SH:  0    Dex: 13    Spells: 7/7 levels left

rFire    . . .     SeeInvis .   p - +1 spear (flame)
rCold    . . .     Gourm    .   (no shield)
rNeg     . . .     Faith    .   (armour unavailable)
rPois    .         Spirit   .   (helmet restricted)
rElec    .         Reflect  .   (no cloak)
rCorr    .         Harm     .   (no gloves)
MR       .....                  (no boots)
Stlth    +.........             (no amulet)
HPRegen  0.15/turn              (no ring)
MPRegen  0.10/turn              (no ring)

@: lethally poisoned (-7 -> -19), drained
A: unfitting armour, cold-blooded, AC +5
a: no special abilities


You were on level 2 of the Dungeon.
You were not hungry.

You visited 1 branch of the dungeon, and saw 3 of its levels.

You collected 117 gold pieces.

Inventory:

Hand Weapons
 o - a +0 long sword
 p - a +1 spear of flaming (weapon)
Wands
 d - a wand of random effects (8/48)
Scrolls
 g - 5 scrolls of identify {unknown}
 k - a scroll of remove curse {unknown}
 m - a scroll of fear {unknown}
Potions
 c - a potion of haste {unknown}
 e - a potion of flight {unknown}
 h - a potion of might {unknown}
 j - a potion of curing {unknown}
 l - a potion of agility {unknown}
Comestibles
 f - 2 bread rations
 n - a meat ration


   Skills:
 + Level 6.5(6.4) Fighting
 * Level 1.3(1.2) Long Blades
 - Level 1.0(0.9) Throwing
 + Level 2.3(2.2) Dodging
 - Level 2.0(1.9) Spellcasting
   Level 1.0(0.9) Necromancy
 - Level 1.0(0.9) Evocations


You had 7 spell levels left.
You didn't know any spells.

Dungeon Overview and Level Annotations

Branches:
Dungeon (3/15)

Altars:
Cheibriados
Elyvilon
Fedhas
Makhleb
Okawaru
Xom
The Shining One


Innate Abilities, Weirdness & Mutations

Your plain brown scales are hard. (AC +5)
You cannot fit into any form of body armour.
You are cold-blooded and may be slowed by cold attacks.


Message History

* * * LOW HITPOINT WARNING * * *
You feel sick. The bat hits you but does no damage. Something hits you.
* * * LOW HITPOINT WARNING * * *
You take 7 damage, and have 2/45 hp.
Evoke which item? (* to show all) (? for menu, Esc to quit)
Aiming: Random Effects
Press: ? - help, Shift-Dir - straight line Nothing appears to happen.
This wand has 8 charges left.
* * * LOW HITPOINT WARNING * * *
You feel sick. The bat hits you but does no damage.
Something barely misses you. Something hits you but does no damage.
You take 1 damage, and have 1/45 hp.
Evoke which item? (* to show all) (? for menu, Esc to quit)
Aiming: Random Effects
Press: ? - help, Shift-Dir - straight line The fireball explodes!
The fireball engulfs something.
Reactivating autopickup.
Your Long Blades skill increases to level 1!
You feel a bit more experienced. The fireball engulfs you!
You die...

#.....#...#...#...
#.........#.......
#.........##.#....
##......#....#....
####...#.##.##...
#...#.#....<.. #####
♣♣#####......#.##... #)..#♣♣
♣♣.#.b##.............
#...'.♣♣♣♣P..@).#...#.##..###.
#...#♣g.♣.P.................#.
#####♣♣♣.♣..#.###......#......
♣♣♣♣♣##......)..#.#.###
#.#####..........
#.......#.#.##...
######.##.#...... #.##......#.
#.##.####.#.


You could see a bat.

Vanquished Creatures
  Crazy Yiuf (D:2)
  Terence (D:2)
  2 adders (D:2)
  2 dart slugs
  3 leopard geckos
  2 bats
  3 giant cockroaches (D:1)
  2 goblins
  7 hobgoblins
  3 frilled lizards
  5 kobolds
  8 rats
39 creatures vanquished.

Notes
Turn   | Place    | Note
-------+----------+-------------------------------------------
     0 | D:1      | namelastname112 the Draconian Wanderer began the quest for the Orb.
     0 | D:1      | namelastname112 set off with: a +2 spear, a +0 shortbow, 27 arrows, a wand of random effects (15/48), a bread ration
     0 | D:1      | Reached XP level 1. HP: 23/23 MP: 3/3
    55 | D:1      | Reached skill level 1 in Dodging
    55 | D:1      | Reached XP level 2. HP: 29/29 MP: 5/5
   498 | D:2      | Reached skill level 6 in Fighting
   528 | D:2      | Reached XP level 3. HP: 11/37 MP: 6/6
  1043 | D:2      | Found a shimmering altar of Xom.
  1045 | D:2      | Found a glowing golden altar of the Shining One.
  1045 | D:2      | Found an iron altar of Okawaru.
  1047 | D:2      | Found a blossoming altar of Fedhas.
  1049 | D:2      | Found a burning altar of Makhleb.
  1049 | D:2      | Found a snail-covered altar of Cheibriados.
  1049 | D:2      | Found a white marble altar of Elyvilon.
  1170 | D:2      | Noticed Terence
  1199 | D:2      | Killed Terence
  1199 | D:2      | Reached XP level 4. HP: 31/45 MP: 7/7
  1383 | D:2      | Found a runed door.
  1516 | D:2      | Noticed Crazy Yiuf
  1566 | D:2      | HP: 2/45 [something (5)]
  1568 | D:2      | Killed Crazy Yiuf
  1568 | D:2      | Reached skill level 1 in Long Blades
  1568 | D:2      | Killed themself with a badly aimed fireball

Vault maps used:
D:1:      saegor_arrival_simple_b
D:2:      grunt_temple_overflow_open, first_bread, minmay_misc_feat_enclosed,
          uniq_terence, uniq_crazy_yiuf_cottage
D:3:      uniq_jessica

Skill      XL: |  1  2  3  4 |
---------------+-------------+-----
Dodging        | 1 2 |  2.3
Fighting       | 6 |  6.5
Long Blades    | 1 |  1.3
Throwing       | |  1.0
Spellcasting   | |  2.0
Necromancy     | |  1.0
Evocations     | |  1.0

Action                   |  1- 3 |  4- 6 || total
-------------------------+-------+-------++-------
Melee: Spear             |   146 |     5 ||   151
       Tailslap          |    10 |     1 ||    11
Evoke: Wand              |       |     7 ||     7
  Use: Potion            |       |     1 ||     1
 Stab: Sleeping          |       |     1 ||     1
  Eat: Royal jelly       |       |     1 ||     1
       Chunk             |       |     1 ||     1
Armor: Skin              |    41 |     3 ||    44
Dodge: Dodged            |   134 |     2 ||   136
